 Dungeon Crawl Stone Soup version 0.31-a0-977-gc230f8ef24 (webtiles) character file.

Game seed: 14090694939204968925

462 voltaire321 the Insei (level 7, -4/46 HPs)
             Began as an Octopode Shapeshifter on Oct 30, 2023.
             Was an Initiate of Wu Jian.
             Slain by Sigmund
             ... wielding a +0 scythe
              (9 damage)
             ... on level 3 of the Dungeon.
             The game lasted 00:05:44 (2838 turns).

voltaire321 the Insei (Octopode Shapeshifter)       Turns: 2838, Time: 00:05:44

Health: -4/46      AC:  0    Str: 11 (13) XL:     7   Next: 7%
Magic:  7/7        EV: 15    Int: 12 (13) God:    Wu Jian [......]
Gold:   111        SH:  0    Dex: 10 (13) Spells: 6/6 levels left

rFire   . . .        q - melded +9 whip of the Eternal Void {freeze, *Corrode Str+2 Int+2}
rCold   . . .        l - melded +0 kite shield
rNeg    . . .        (helmet currently unavailable)
rPois   .            (no amulet)
rElec   .            (ring currently unavailable)
rCorr   .            (ring currently unavailable)
SInv    .            (ring currently unavailable)
Will    .....        (ring currently unavailable)
Stlth   +            (ring currently unavailable)
HPRegen 0.27/turn    (ring currently unavailable)
MPRegen 0.10/turn    (ring currently unavailable)
                     (ring currently unavailable)

%: no passive effects
@: pig-form (expiring), very quick
A: fast, no casting, almost no armour, (amphibious), (8 rings), small,
(camouflage 1), (gelatinous body 1), (nimble swimmer 1), (tentacles)
a: Renounce Religion


You were on level 3 of the Dungeon.
You worshipped Wu Jian.
Wu Jian was noncommittal.
You were a filthy swine.
You visited 1 branch of the dungeon, and saw 3 of its levels.

You collected 160 gold pieces.
You spent 49 gold pieces at shops.

Inventory:

Hand Weapons
 d - a +2 vampiric short sword
 q - the +9 whip of the Eternal Void (melded) {freeze, *Corrode Str+2 Int+2}
   (You found it on level 2 of the Dungeon)

   Str+2:     It affects your strength (+2).
   Int+2:     It affects your intelligence (+2).
   *Corrode:  It may corrode you when you take damage.
Missiles
 p - a throwing net
Armour
 l - a +0 kite shield (melded)
Jewellery
 k - an amulet of faith
 t - the ring of Sudiov {EV+5 Slay+3}
   (You found it on level 3 of the Dungeon)

   [ring of evasion]

   EV+5:      It affects your evasion (+5).
   Slay+3:    It affects your accuracy & damage with ranged weapons and melee
   (+3).
Talismans
 b - a beast talisman
 c - a flux talisman
Scrolls
 f - 2 scrolls of teleportation {unknown}
 g - a scroll of immolation {unknown}
 m - a scroll of poison {unknown}
 n - a scroll of amnesia {unknown}
 o - 2 scrolls of identify {unknown}
 r - a scroll of noise {unknown}
Potions
 a - 2 potions of lignification
 h - a potion of invisibility {unknown}
 i - a potion of haste {unknown}
 j - a potion of heal wounds {unknown}
 s - a potion of resistance {unknown}


   Skills:
 + Level 3.3 Fighting
 + Level 3.7 Dodging
 + Level 2.4 Shields
 + Level 4.3 Unarmed Combat
 + Level 4.2 Shapeshifting


You had 6 spell levels left.
You didn't know any spells.
Your spell library was empty.

Dungeon Overview and Level Annotations

Branches:
Dungeon (3/15)

Altars:
Wu Jian

Shops:
D:2 [

Annotations:
D:3 Sigmund


Innate Abilities, Weirdness & Mutations

You are a filthy swine.
You move quickly.
Your equipment is almost entirely melded.
You are incapable of wielding weapons or throwing items.
You cannot cast spells.
You cannot wear most types of armour.
((You are amphibious.))
((You can wear up to eight rings at the same time.))
((Your skin changes colour to match your surroundings (Stealth+).))
((Your rubbery body absorbs attacks. (AC +1, EV +1)))
((You are camouflaged when in or above water. (Stealth+)))
((You have tentacles for arms and can constrict up to eight enemies at once.))


Message History

The +9 whip of the Eternal Void {freeze, *Corrode Str+2 Int+2} stops glowing.
You lose your grip on Sigmund.
You closely miss Sigmund.
Sigmund is lightly wounded.
You barely miss Sigmund.
Sigmund is lightly wounded.
Sigmund gestures wildly while chanting.
Sigmund flickers and vanishes!
Deactivating autopickup; reactivate with Ctrl-A.
You hit something.
You hear some strange, mumbled words.
Something tries to affect you, but you resist.
You barely miss something.
You hear some strange, mumbled words.
Something tries to affect you, but you resist.
You hit something. Something completely misses you.
You hit something but do no damage. You miss something.
Your transformation is almost over.
Something hits you.
You miss something.
You hear some strange, mumbled words.
A magic dart appears from out of thin air!
The magic dart hits you!
You miss something. Something hits you.
You miss something. You hit something. Something barely misses you.
You closely miss something. You barely miss something. Something hits you!
* * * LOW HITPOINT WARNING * * *
It was a potion of degeneration.
There was something very wrong with that liquid.
You feel weakened.
You feel dopey.
You feel clumsy.
You barely miss something. Something hits you.
* * * LOW HITPOINT WARNING * * *
You miss something. Something hits you!
* * * LOW HITPOINT WARNING * * *
You hit something. You barely miss something. Something hits you!
You die...

#................##....#
#.#........#.....##....#
#.##..##..##........####
#.#..##...#####.(####
###...###..)### #.##
#............รท# #.###
##.######...#.# #...#
#.# #...#{# #.#.###
#.######...#h# #.#...###
#..........#.#
#.###...##
##########.#.###.#
###..### #.#.....#
##...# #.####### ###.#
#.# #.# #.# #(#
########.# #.#
#........# #.###


There were no monsters in sight!

Vanquished Creatures
  Grinder (D:3)
  Jessica (D:3)
  Natasha (thrice) (D:3)
  4 gnolls (D:2)
  5 adders
  2 worms
  2 dart slugs
  An orc (D:3)
  7 ball pythons
  4 bats
  4 endoplasms
  A giant cockroach (D:1)
  3 goblins
  5 hobgoblins
  5 jackals (D:3)
  7 quokkas
  4 frilled lizards
  10 kobolds
  7 rats
76 creatures vanquished.

Notes
Turn   | Place    | Note
-------+----------+-------------------------------------------
     0 | D:1      | voltaire321 the Octopode Shapeshifter began the quest for
                  | the Orb.
     0 | D:1      | Reached XP level 1. HP: 13/13 MP: 1/1
    61 | D:1      | Reached XP level 2. HP: 18/18 MP: 2/2
   599 | D:1      | Found a faded altar of an unknown god.
   626 | D:1      | Reached XP level 3. HP: 18/23 MP: 3/3
   897 | D:2      | Found Iran Fant's Armour Boutique.
   910 | D:2      | Bought a +0 kite shield for 49 gold pieces
  1231 | D:2      | Reached XP level 4. HP: 25/29 MP: 4/4
  1242 | D:2      | Reached skill level 1 in Shields
  1602 | D:2      | Identified the +9 whip of the Eternal Void {freeze,
                  | *Corrode Str+2 Int+2}
  1933 | D:3      | Found an ornate altar of the Wu Jian Council.
  2015 | D:3      | Noticed Natasha
  2019 | D:3      | Killed Natasha
  2020 | D:3      | Reached XP level 5. HP: 31/35 MP: 5/5
  2042 | D:3      | Became a worshipper of the Wu Jian Council
  2242 | D:3      | Noticed Jessica
  2248 | D:3      | Killed Jessica
  2522 | D:3      | Identified the ring of Sudiov {EV+5 Slay+3}
  2616 | D:3      | Noticed Natasha
  2619 | D:3      | Killed Natasha
  2619 | D:3      | Noticed Grinder
  2620 | D:3      | Reached XP level 6. HP: 41/41 MP: 6/6
  2635 | D:3      | Killed Grinder
  2636 | D:3      | Reached XP level 7. HP: 40/46 MP: 7/7
  2642 | D:3      | Noticed Natasha
  2650 | D:3      | Killed Natasha
  2780 | D:3      | Noticed Sigmund
  2838 | D:3      | Slain by Sigmund

Illustrated notes

Levels and vault maps discovered:
D:1:      lightli_arrival_quake, layout_basic,
          hellmonk_ecumenical_altar_run_dry, st_stairs_8
D:2:      layout_loops_corners, serial_shops, shop, minmay_split_cup_small
D:3:      minmay_chambers_of_threes, layout_basic, mainiacjoe_overflow_24_doors,
          st_stairs_5, uniq_natasha, uniq_sigmund, uniq_grinder, uniq_jessica

Skill      XL: |  1  2  3  4  5  6 |
---------------+-------------------+-----
Fighting       | 2 3 |  3.3
Shields        | 1 2 |  2.4
Dodging        | 3 |  3.7
Unarmed Combat | 4 |  4.3
Shapeshifting  | 4 |  4.2

Action                     |  1- 3 |  4- 6 |  7- 9 || total
---------------------------+-------+-------+-------++-------
  Melee: Unarmed           |     7 |       |    17 ||    24
         Short sword       |    59 |    17 |       ||    76
         Constrict         |    16 |    11 |     2 ||    29
         Tentacles         |    11 |     8 |       ||    19
         Punch             |     4 |     4 |       ||     8
         Whip              |       |    48 |     6 ||    54
Ability: Lunge             |       |     8 |     1 ||     9
    Use: Potion            |       |       |     1 ||     1
   Stab: Sleeping          |    13 |     5 |       ||    18
         Distracted        |       |     1 |       ||     1
 Armour: Skin              |    16 |    28 |    11 ||    55
  Dodge: Dodged            |    34 |    31 |     2 ||    67
  Block: Kite shield       |     9 |    19 |     3 ||    31

Table legend: (Time is in decaauts)
 A = Elapsed time spent in this place.
 B = Non-inter-level travel time spent in this place.
 C = Inter-level travel time spent in this place.
 D = Time resting spent in this place.
 E = Time spent auto-exploring this place.
 F = Levels seen in this place.
 G = Mean time per level.
                   A        B        C        D        E       F      G
               +--------+--------+--------+--------+--------+-----+--------+
         Total |   2845 |   2813 |     32 |     71 |   2148 |   3 |  948.3 |
       Dungeon |   2845 |   2813 |     32 |     71 |   2148 |   3 |  948.3 |
               +--------+--------+--------+--------+--------+-----+--------+

Top non-repeatable levels by time:
     D:2: 1006 daAuts
     D:3: 986 daAuts
     D:1: 853 daAuts
